 Dungeon Crawl Stone Soup version 0.17.1-3-g152610e (webtiles) character file.

188 Inkary the Ruffian (level 5, -2/53 HPs)
             Began as a Troll Transmuter on Apr 26, 2016.
             Slain by Pikel
             ... wielding a +1 whip of electrocution
              (4 damage)
             ... on level 4 of the Dungeon.
             The game lasted 00:07:25 (1044 turns).

Inkary the Ruffian (Troll Transmuter)               Turns: 1044, Time: 00:07:25

Health: -2/53      AC:  5    Str: 18    XL:     5   Next: 39%
Magic:  5/5        EV:  5    Int:  9    God:
Gold:   57         SH: 12    Dex: 11    Spells: 1 memorised, 5 levels left

rFire  . . .     SeeInvis .       - Unarmed
rCold  . . .     Clarity  .     b - +0 robe
rNeg   . . .     SustAt   .     g - +0 large shield (curse)
rPois  .         Gourm    +     (helmet restricted)
rElec  .         Spirit   .     (no cloak)
rCorr  .         Warding  .     (gloves unavailable)
rMut   .         Stasis   .     (boots unavailable)
MR     .....                    (no amulet)
Stlth  +.........               (no ring)
                                (no ring)

@: not resistant to hostile enchantments, very unstealthy
A: unfitting armour, claws 3, fast metabolism 3, gourmand, regeneration 2,
shaggy fur 1, tough skin 2
a: no special abilities


You were on level 4 of the Dungeon.
You were very full.

You visited 1 branch of the dungeon, and saw 3 of its levels.

You collected 57 gold pieces.

Inventory:

Missiles
 a - 12 arrows
Armour
 b - a +0 robe (worn)
 g - a cursed +0 large shield (worn)
 i - a +2 shield
Jewellery
 r - an uncursed amulet of faith {unknown}
Scrolls
 f - a scroll of teleportation {unknown}
 h - 2 scrolls of immolation {unknown}
 l - a scroll of recharging {unknown}
 m - 6 scrolls of identify
 n - a scroll of remove curse {unknown}
 p - a scroll of amnesia {unknown}
Potions
 e - a potion of invisibility {unknown}
 j - a potion of cure mutation {unknown}
 o - a potion of lignification
 q - a potion of mutation {unknown}
Books
 c - a book of Changes

   Spells                             Type                      Level
   a - Beastly Appendage              Transmutation                1
   b - Sticks to Snakes               Transmutation                2
   c - Spider Form                    Transmutation/Poison         3
   d - Ice Form                       Ice/Transmutation            4
   e - Blade Hands                    Transmutation                5
Comestibles
 d - 3 bread rations
 k - a chunk of flesh


   Skills:
 * Level 3.2 Fighting
 - Level 1.5 Dodging
 + Level 1.9 Shields
 + Level 3.8 Unarmed Combat
 - Level 1.2 Spellcasting
 - Level 1.3 Transmutations


You had 5 spell levels left.
You knew the following spells:

 Your Spells              Type           Power        Failure   Level  Hunger
a - Beastly Appendage     Trmt           #.....       100%        1    ##.....


Dungeon Overview and Level Annotations

Branches:
Dungeon (4/15)
 Temple: D:4-7

Altars:
Trog

Annotations:
D:4 Pikel


Innate Abilities, Weirdness & Mutations

You are too large for most types of armour.
You have claws for hands.
Your metabolism is lightning-fast.
You like to eat raw meat.
You heal very quickly.
You are covered in fur (AC +1).
You have very tough skin (AC +2).


Message History

Pikel says, "You'll fetch a fair price!"
You block Pikel's attack.
You claw Pikel!
Pikel is almost dead.
You closely miss Pikel.
Pikel is almost dead.
You block Pikel's attack.
Pikel hits you with a whip of electrocution!
You miss Pikel.
Pikel is almost dead.
Your shield prevents you from hitting Pikel.
Pikel is almost dead.
Pikel hits you but does no damage.
You are electrocuted!
* * * LOW HITPOINT WARNING * * *
You are too injured to fight recklessly!
You are too injured to fight recklessly!
You barely miss Pikel.
Pikel is almost dead.
Pikel hits you with a whip of electrocution.
You die...

..## # .(.# #.# #.#
#######.#######
'..............
#######.############
+..................#
###@#############.##
#K# ####'## #p#
#...).. #p# #......
#p# #....). #p#
####'## #.# #... #.#
####


You could see Pikel and 4 slaves.

Vanquished Creatures
  A giant frog zombie (D:4)
  An iguana (D:4)
  An orc priest (D:4)
  An orc wizard (D:4)
  2 adders
  An adder zombie (D:4)
  A worm (D:2)
  A giant gecko (D:1)
  2 orcs (D:4)
  7 bats (D:1)
  A giant cockroach (D:1)
  7 hobgoblins
  5 kobolds (D:1)
  2 ball pythons (D:1)
  3 giant newts (D:1)
  6 goblins
  3 rats (D:1)
45 creatures vanquished.

Notes
Turn   | Place    | Note
--------------------------------------------------------------
     0 | D:1      | Inkary the Troll Transmuter began the quest for the Orb.
     0 | D:1      | Reached XP level 1. HP: 18/18 MP: 1/1
    48 | D:1      | Reached skill level 1 in Fighting
   140 | D:1      | Reached XP level 2. HP: 21/27 MP: 2/2
   381 | D:1      | Reached XP level 3. HP: 33/35 MP: 3/3
   458 | D:1      | Reached skill level 1 in Shields
   684 | D:2      | Found a bloodstained altar of Trog.
   729 | D:2      | You fall through a shaft for 2 floors!
   829 | D:4      | Reached XP level 4. HP: 24/44 MP: 4/4
   858 | D:4      | Reached XP level 5. HP: 15/53 MP: 5/5
  1022 | D:4      | Noticed Pikel
  1022 | D:4      | Noticed a slave
  1022 | D:4      | Noticed a slave
  1025 | D:4      | Noticed a slave
  1026 | D:4      | Noticed a slave
  1043 | D:4      | HP: 1/53 [Pikel/whip of electrocution (20)]
  1044 | D:4      | Slain by Pikel

Action                   |  1- 3 |  4- 6 || total
-------------------------+-------+-------++-------
Melee: Unarmed           |   132 |    40 ||   172
  Use: Scroll            |     1 |       ||     1
  Eat: Chunk             |    13 |     2 ||    15
